 Dungeon Crawl Stone Soup version 0.32-a0-597-g8e3e136d6a (webtiles) character file.

Game seed: 2076510490130921937

25180 Implojin the Basher (level 13, -5/98 HPs)
             Began as a Coglin Brigand on Mar 2, 2024.
             Was a Follower of Uskayaw.
             Slain by a death yak (19 damage)
             ... led by a torpor snail
             ... on level 3 of the Lair of Beasts.
             The game lasted 00:32:35 (20839 turns).

Implojin the Basher (Coglin Brigand)               Turns: 20839, Time: 00:32:36

Health: -5/98      AC:  8    Str: 12    XL:     13   Next: 17%
Magic:  17/19      EV: 14    Int: 11    God:    Uskayaw [*.....]
Gold:   782        SH:  0    Dex: 23    Spells: 12/12 levels left

rFire   . . .        t - +2 dagger (holy) {Wilfreda}
rCold   . . .        B - +6 morningstar (protect) {Hisae}
rNeg    . . .        E - +0 acid dragon scales
rPois   .            (no helmet)
rElec   .            c - +0 cloak
rCorr   +            m - +0 pair of gloves {Dex+3}
SInv    .            (no boots)
Will    +....        (amulet unavailable)
Stlth   +++          (ring unavailable)
HPRegen 0.36/turn    (ring unavailable)
MPRegen 0.16/turn    (no gizmo)

%: no passive effects
@: silenced, attractive, enlightened, flying
A: off-hand wielding, slow wielding, warmup strikes, no jewellery
a: Invent Gizmo, Renounce Religion


You were on level 3 of the Lair of Beasts.
You worshipped Uskayaw.
Uskayaw was aware of your devotion.
You visited 3 branches of the dungeon, and saw 17 of its levels.

You collected 1014 gold pieces.
You spent 232 gold pieces at shops.

Inventory:

Hand Weapons
 o - a +2 dagger of flaming {Kiyoto}
 t - a +2 dagger of holy wrath (weapon) {Wilfreda}
 w - a +2 long sword
 A - a +1 falchion
 B - a +6 morningstar of protection (offhand) {Hisae}
 C - a +0 rapier {Liesl}
 D - a +0 scimitar
Missiles
 b - 78 stones
 d - 29 poisoned darts (quivered)
 e - 5 curare-tipped darts
 n - 8 javelins
 v - 8 boomerangs
Armour
 c - a +0 cloak (worn)
 g - a +2 ring mail of poison resistance
 i - the +1 scale mail of Protective Custody {rF- rC+ Dex+6}
   (You found it on level 1 of the Lair of Beasts)

   Dex+6:     It affects your dexterity (+6).
   rF-:       It makes you vulnerable to fire.
   rC+:       It protects you from cold.
 m - a +0 pair of gloves of dexterity (worn)
 E - +0 acid dragon scales (worn)
 F - a +1 leather armour of fire resistance
Wands
 x - a wand of digging (4)
 I - a wand of flame (31)
Scrolls
 f - a scroll of revelation {unknown}
 j - a scroll of amnesia {unknown}
 k - a scroll of teleportation
 r - a scroll of enchant weapon {unknown}
 s - a scroll of silence
 y - a scroll of poison
 J - a scroll of immolation {unknown}
 K - a scroll of torment {unknown}
 L - a scroll of enchant armour {unknown}
 M - a scroll of acquirement {unknown}
 N - a scroll of summoning {unknown}
Potions
 a - a potion of berserk rage {unknown}
 l - 8 potions of curing
 p - a potion of magic {unknown}
 q - a potion of attraction
 u - 4 potions of brilliance
 z - a potion of ambrosia {unknown}
 G - a potion of enlightenment
 H - a potion of cancellation {unknown}


   Skills:
 - Level 8.0 Fighting
 - Level 8.0 Short Blades
 - Level 10.0 Maces & Flails
 - Level 1.7 Throwing
 - Level 5.0 Dodging
 * Level 9.6 Stealth
 - Level 8.5 Invocations
 - Level 5.0 Evocations


You had 12 spell levels left.
You didn't know any spells.
Your spell library contained the following spells:

 Spells                   Type           Power      Damage    Failure   Level
 Sandblast                Erth           0%         2d4       47%         1
 Blink                    Tloc           0%         N/A       63%         2
 Lesser Beckoning         Tloc           0%         N/A       63%         2
 Fugue of the Fallen      Necr           0%         N/A       85%         3
 Gell's Gravitas          Tloc           0%         N/A       85%         3
 Ozocubu's Armour         Ice            0%         N/A       85%         3
 Teleport Other           Tloc           0%         N/A       85%         3
 Tukima's Dance           Hex            0%         N/A       85%         3
 Volatile Blastmotes      Fire/Tloc      0%         2d10      85%         3
 Fulminant Prism          Conj/Alch      0%         3d5       99%         4
 Iskenderun's Mystic Bla  Conj/Tloc      0%         2d3       99%         4
 Manifold Assault         Tloc           0%         N/A       99%         4
 Passage of Golubria      Tloc           0%         N/A       99%         4
 Borgnjor's Vile Clutch   Necr/Erth      0%         N/A       100%        5
 Yara's Violent Unravell  Hex/Alch       0%         3d3       100%        5
 Malign Gateway           Summ/Tloc      0%         N/A       100%        7
 Dragon's Call            Summ           0%         N/A       100%        9


Dungeon Overview and Level Annotations

Branches:
Dungeon (13/15)            Temple (1/1) D:7            Lair (3/5) D:10
  Snake (0/4) Lair:2          Orc (0/2) D:9
  Swamp: Lair:2-3    Shoals: Lair:2-3    Vaults: D:13-14

Altars:
Ashenzari
Cheibriados
Dithmenos
Elyvilon
Fedhas
Gozag
Hepliaklqana
Kikubaaqudgha
Makhleb
Nemelex Xobeh
Okawaru
Qazlal
Ru
Sif Muna
Trog
Uskayaw
Vehumet
Wu Jian
Xom
Yredelemnul
Zin
The Shining One

Shops:
D:11 *

Annotations:
D:11 exclusions: 2 centaur warriors, deep elf pyromancer and tengu warrior, Josephine


Innate Abilities, Weirdness & Mutations

You can wield a second weapon in your off-hand.
It takes a long time for you to wield or remove held weapons.
Your first few attacks do less damage.
You cannot equip rings or amulets.


Message History

The death yak gores you!
Danger: Low HP Warning |T3| Reason: 29% HP (29/98)
Aiming: Line Pass
Press: ? - help, Dir - move target The death yak appears confused.
Found a stone staircase leading up.
You feel yourself speed up.
Unknown command.
The death yak seems less confused.
The death yak gores you!!
Danger: torpor snail |T2| Reason: OOD monster, careful!
Danger: Low HP Warning |T3| Reason: 10% HP (10/98)
Okay, then.
You feel much better.
Being near the torpor snail leaves you feeling lethargic.
The death yak gores you!!
Unknown command.
Okay, then.
Okay, then.
As you read the scroll labelled CITUNLAALU, it crumbles to dust.
A profound silence engulfs you.
It was a scroll of silence.
The death yak gores you!
You can no longer pass through a line of other dancers.
Danger: Low HP Warning |T3| Reason: 2% HP (2/98)
You feel much better. The death yak misses you.
The torpor snail briefly extends its eye-stalks.
The death yak gores you!
Unknown command.
The torpor snail bites you but does no damage.
Unknown command.
The death yak closely misses you.
Unknown command.
It was a potion of attraction.
You feel attractive to monsters. The death yak closely misses you.
It was a potion of enlightenment.
You feel very buoyant.
You fly up into the air.
You feel yourself speed up. The death yak gores you!!
You die...
Your body falls in perfect tune with the rhythm.

#...#.P#P..#
##.#........#.
#.......#.....
#.........#.#.
(..#........
##.#....# #.....#
### ##..Y## #....
#...#@# ##....
##..####
#P....###...#
#.........##
#...#....#
####.#....###
#........#####
P..#.P.......###
##..##....P.##..#


You could see a death yak.

Vanquished Creatures
  A hydra (Lair:3)
  2 boulder beetles
  A death yak (Lair:3)
  Pikel (D:8)
  An ugly thing (D:13)
  2 manticores
  4 cane toads
  An unseen horror (D:12)
  A kobold demonologist (D:11)
  6 komodo dragons
  5 trolls
  2 polar bears
  4 blink frogs (Lair:1)
  Prince Ribbit (D:8)
  A shadow (D:10)
  31 yaks
  3 slime creatures
  A wyvern (D:10)
  A vampire (D:10)
  6 wraiths
  Grum (D:8)
  A steam dragon (D:9)
  3 basilisks
  3 vampire mosquitoes (D:12)
  6 water moccasins
  4 acid dragons
  3 nagas (Lair:2)
  4 orc warriors
  2 ice beasts
  4 black bears
  12 wolves
  5 centaurs
  3 phantoms
  A lemure (D:8)
  A kobold brigand (D:9)
  9 bullfrogs
  3 scorpions
  2 gnoll sergeants
  21 wights
  23 killer bees
  4 howler monkeys
  A jelly (D:7)
  13 orc priests
  2 bombardier beetles (D:4)
  3 hounds
  2 sleepcaps
  3 iguanas
  11 orc wizards
  9 adders
  9 gnolls
  2 shadow imps
  A white imp (D:6)
  2 ufetubi (D:6)
  3 ribbon worms
  42 orcs
  6 endoplasms
  3 giant cockroaches
  6 goblins
  11 hobgoblins
  10 jackals
  4 quokkas
  5 ball pythons
  6 bats
  3 frilled lizards (D:2)
  17 kobolds
  4 rats
368 creatures vanquished.

Vanquished Creatures (others)
  An orc wizard (D:9)
1 creature vanquished.

Grand Total: 369 creatures vanquished

Notes
Turn   | Place    | Note
-------+----------+-------------------------------------------
     0 | D:1      | Implojin the Coglin Brigand began the quest for the Orb.
     0 | D:1      | Reached XP level 1. HP: 16/16 MP: 1/1
   186 | D:1      | Found a faded altar of an unknown god.
   228 | D:1      | Reached XP level 2. HP: 17/22 MP: 2/2
   334 | D:1      | Got the Excursus on the Familiar
   997 | D:1      | Reached XP level 3. HP: 27/27 MP: 3/3
  1228 | D:2      | Reached XP level 4. HP: 33/33 MP: 4/4
  1456 | D:2      | Got the Volume of Plutonic Locality
  2287 | D:3      | Reached XP level 5. HP: 28/41 MP: 5/5
  2930 | D:3      | Reached XP level 6. HP: 48/48 MP: 6/6
  3848 | D:4      | Reached skill level 5 in Stealth
  3878 | D:4      | Reached XP level 7. HP: 52/54 MP: 7/7
  4064 | D:4      | Reached skill level 5 in Short Blades
  4591 | D:4      | Reached XP level 8. HP: 35/61 MP: 8/8
  4855 | D:5      | Entered Level 5 of the Dungeon
  4875 | D:4      | Reached skill level 5 in Fighting
  5146 | D:5      | Found a burning altar of Makhleb.
  5146 | D:5      | Found a sparkling altar of Nemelex Xobeh.
  6424 | D:6      | Reached skill level 1 in Evocations
  6574 | D:7      | Found a staircase to the Ecumenical Temple.
  6602 | D:7      | Reached XP level 9. HP: 47/74 MP: 9/9
  6912 | D:7      | Reached skill level 5 in Evocations
  6922 | Temple   | Entered the Ecumenical Temple
  6933 | Temple   | Became a worshipper of Uskayaw the Reveller
  6952 | D:7      | Reached * piety under Uskayaw
  6955 | D:7      | Reached ** piety under Uskayaw
  6965 | D:7      | Reached *** piety under Uskayaw
  7098 | D:7      | Noticed a troll
  7105 | D:7      | Killed a troll
  7218 | D:7      | Reached **** piety under Uskayaw
  7636 | D:8      | Noticed Grum
  7644 | D:8      | Reached skill level 1 in Invocations
  7846 | D:8      | Killed Grum
  8056 | D:8      | Noticed Pikel
  8080 | D:8      | Killed Pikel
  8081 | D:8      | Reached XP level 10. HP: 69/80 MP: 11/13
  8205 | D:8      | Reached skill level 5 in Invocations
  8233 | D:8      | Found an opulent altar of Gozag.
  8242 | D:8      | Found a sacrificial altar of Ru.
  8705 | D:8      | Reached ***** piety under Uskayaw
  9440 | D:8      | Noticed Prince Ribbit
  9442 | D:8      | Killed Prince Ribbit
 10060 | D:9      | Found a staircase to the Orcish Mines.
 10810 | D:9      | Reached skill level 1 in Dodging
 11852 | D:9      | Reached XP level 11. HP: 77/86 MP: 17/17
 12389 | D:10     | Entered Level 10 of the Dungeon
 12649 | D:10     | Reached skill level 5 in Dodging
 12649 | D:10     | Found a staircase to the Lair.
 12737 | D:10     | Noticed a boulder beetle
 12790 | D:10     | Killed a boulder beetle
 14215 | D:11     | Found Fuirarr's Assorted Antiques.
 14485 | D:11     | Noticed a manticore
 14498 | D:11     | Killed a manticore
 14864 | D:11     | Noticed a centaur warrior
 14864 | D:11     | Noticed a tengu warrior
 15044 | D:11     | Bought a metallic amethyst potion for 21 gold pieces
 15044 | D:11     | Bought a scroll of identify for 48 gold pieces
 15044 | D:11     | Bought a scroll of identify for 48 gold pieces
 15044 | D:11     | Bought 2 fizzy grey potions for 43 gold pieces
 15044 | D:11     | Bought a scroll labelled ZES SAISEU for 24 gold pieces
 15044 | D:11     | Bought a scroll labelled NAIBIH VAXO for 24 gold pieces
 15044 | D:11     | Bought a scroll labelled KASHRE KARRU for 24 gold pieces
 15076 | D:11     | Noticed Josephine
 15133 | D:11     | Reached skill level 1 in Maces & Flails
 15154 | D:11     | Reached skill level 2 in Maces & Flails
 15549 | D:11     | Noticed a deep elf pyromancer
 15679 | D:11     | Noticed a centaur warrior
 15721 | D:12     | Reached skill level 3 in Maces & Flails
 15916 | D:12     | Reached skill level 4 in Maces & Flails
 16088 | D:12     | Reached skill level 5 in Maces & Flails
 16166 | D:12     | Reached XP level 12. HP: 80/92 MP: 18/18
 16273 | D:12     | Reached skill level 6 in Maces & Flails
 17464 | D:13     | Reached skill level 7 in Maces & Flails
 17770 | Lair:1   | Entered Level 1 of the Lair of Beasts
 18002 | Lair:1   | Identified the +1 scale mail of Protective Custody {rF- rC+
                  | Dex+6}
 18020 | Lair:1   | Reached skill level 8 in Maces & Flails
 18029 | Lair:1   | Reached ****** piety under Uskayaw
 18798 | Lair:1   | Reached skill level 9 in Maces & Flails
 19433 | Lair:2   | Reached skill level 10 in Maces & Flails
 19521 | Lair:2   | Noticed a boulder beetle
 19540 | Lair:2   | Killed a boulder beetle
 20034 | Lair:2   | Reached XP level 13. HP: 59/98 MP: 19/19
 20183 | Lair:2   | Found a staircase to the Snake Pit.
 20834 | Lair:3   | HP: 2/98 [death yak[a torpor snail] (9)]
 20839 | Lair:3   | Slain by a death yak

Illustrated notes

Levels and vault maps discovered:
D:1:      minmay_arrival_checkered_box, layout_loops_corners,
          hellmonk_ecumenical_altar_dog_temple
D:2:      layout_basic
D:3:      layout_basic
D:4:      layout_cave_pods
D:5:      layout_basic, gammafunk_temple_overflow_elements
D:6:      layout_basic, minmay_crossroads
D:7:      layout_basic, minmay_temple_entry_grid
D:8:      layout_basic, jmf_multi_god_temple2, lemuel_flame_loot_1, uniq_grum,
          uniq_pikel, uniq_prince_ribbit1
D:9:      layout_irregular_city, orc_david_3
D:10:     layout_grid_maze, due_lair_maze_entry_diamond
D:11:     minmay_bloctagon_deflated, layout_layer_cave, serial_shops, shop,
          uniq_josephine
D:12:     layout_rooms, kennysheep_generic_room_7
D:13:     layout_basic, grunt_vaults_entry_tiered, uniq_erolcha
Temple:   regret_index_temple_mists
Lair:1:   layout_misc_corridors
Lair:2:   layout_regular_city, nicolae_snake_entry_squirm
Lair:3:   layout_misc_corridors, nicolae_swamp_entry_spooky

Skill      XL: |  1  2  3  4  5  6  7  8  9 10 11 12 13 |
---------------+----------------------------------------+-----
Short Blades   | 2 3 4 6 8 |  8.0
Fighting       | 3 4 8 |  8.0
Stealth        | 5 7 8 9 |  9.6
Evocations     | 3 5 |  5.0
Invocations    | 4 8 |  8.5
Dodging        | 3 5 |  5.0
Maces & Flails | 5 10 | 10.0
Throwing       | |  1.7

Action                     |  1- 3 |  4- 6 |  7- 9 | 10-12 | 13-15 || total
---------------------------+-------+-------+-------+-------+-------++-------
  Melee: Dagger            |   116 |   187 |   593 |   770 |    51 ||  1717
         Short sword       |    48 |   150 |       |       |       ||   198
         Rapier            |       |       |       |   440 |       ||   440
         Morningstar       |       |       |       |   210 |    52 ||   262
  Throw: Dart              |     4 |    18 |    25 |    22 |       ||    69
         Stone             |       |       |     4 |    10 |       ||    14
         Boomerang         |       |       |       |    30 |       ||    30
         Javelin           |       |       |       |     5 |       ||     5
 Invoke: Line Pass         |       |       |       |       |     1 ||     1
  Evoke: Wand              |       |       |     2 |    12 |       ||    14
    Use: Scroll            |       |     3 |       |    10 |     2 ||    15
         Potion            |       |       |       |     6 |     4 ||    10
   Stab: Sleeping          |     2 |     7 |     7 |    19 |     3 ||    38
         Paralysed         |       |       |     8 |    57 |     4 ||    69
         Distracted        |       |       |       |     2 |       ||     2
         Invisible         |       |       |       |     2 |       ||     2
 Armour: Robe              |    12 |       |       |       |       ||    12
         Leather armour    |    24 |    14 |       |       |       ||    38
         Ring mail         |       |    78 |   216 |   205 |       ||   499
         Acid dragon scale |       |       |       |   351 |    46 ||   397
  Dodge: Dodged            |    46 |    75 |   118 |   440 |    33 ||   712

Table legend: (Time is in decaauts)
 A = Elapsed time spent in this place.
 B = Non-inter-level travel time spent in this place.
 C = Inter-level travel time spent in this place.
 D = Time resting spent in this place.
 E = Time spent auto-exploring this place.
 F = Levels seen in this place.
 G = Mean time per level.
                   A        B        C        D        E       F      G
               +--------+--------+--------+--------+--------+-----+--------+
         Total |  20619 |  19761 |    858 |   3692 |  12099 |  17 | 1212.9 |
       Dungeon |  17559 |  16756 |    803 |   3089 |  10195 |  13 | 1350.7 |
        Temple |     25 |     16 |      9 |      0 |      0 |   1 |   25.0 |
          Lair |   3034 |   2989 |     45 |    603 |   1904 |   3 | 1011.3 |
               +--------+--------+--------+--------+--------+-----+--------+

Top non-repeatable levels by time:
     D:8: 2445 daAuts
     D:9: 2133 daAuts
    D:10: 1793 daAuts
    D:12: 1783 daAuts
    D:11: 1766 daAuts
  Lair:2: 1431 daAuts
  Lair:1: 1401 daAuts
     D:3: 1383 daAuts
     D:6: 1345 daAuts
     D:4: 1316 daAuts
     D:1: 1133 daAuts
     D:2: 1046 daAuts
     D:7: 846 daAuts
     D:5: 539 daAuts
  Lair:3: 201 daAuts
